 Dungeon Crawl Stone Soup version 0.21.0-3-g78d12a8 (webtiles) character file.

4430 Monsterracer the Cleaver (level 10, -1/69 HPs)
             Began as a Demonspawn Gladiator on Jan 13, 2018.
             Was an Elder of Hepliaklqana.
             Slain by a warg (2 damage)
             ... on level 8 of the Dungeon on Jan 14, 2018.
             The game lasted 00:12:26 (9619 turns).

Monsterracer the Cleaver (Demonspawn Gladiator)     Turns: 9619, Time: 00:12:27

Health: -1/69      AC: 18    Str: 17    XL:     10   Next: 14%
Magic:  0/15       EV:  8    Int: 13    God:    Hepliaklqana [****..]
Gold:   380        SH:  8    Dex: 15    Spells: 9/9 levels left

rFire    . . .     SeeInvis .   a - +0 war axe
rCold    . . .     Gourm    .   w - +3 buckler "Ybash" {Int+3}
rNeg     . . .     Faith    .   r - +0 chain mail
rPois    .         Spirit   +   (helmet restricted)
rElec    .         Reflect  .   (no cloak)
rCorr    .         Harm     .   i - +0 pair of gloves
MR       +....                  C - +0 pair of boots
Stlth    ..........             h - amulet of magic regeneration
HPRegen  0.21/turn              (no ring)
MPRegen  0.53/turn              u - ring of protection from magic {!d}

@: sanguine armour, hasted, very quick
A: reduced essence, horns 2, demonic guardian 1, magic shield, magic
regeneration, sanguine armour 1
a: Recall Ancestor, Ancestor Identity, Transference, Idealise, Renounce Religion


You were on level 8 of the Dungeon.
You worshipped Hepliaklqana.
Hepliaklqana was greatly pleased with you.
You were near starving.

You visited 1 branch of the dungeon, and saw 8 of its levels.

You collected 380 gold pieces.

Inventory:

Hand Weapons
 a - a +0 war axe (weapon)
 b - a +2 whip of electrocution
 y - a +0 battleaxe
Missiles
 d - 3 throwing nets (quivered)
Armour
 i - a +0 pair of gloves (worn)
 p - a +0 plate armour
 r - a +0 chain mail (worn)
 w - the +3 buckler "Ybash" (worn) {Int+3}
   (You found it on level 5 of the Dungeon)

   It affects your intelligence (+3).
 B - a +0 shield
 C - a +0 pair of boots (worn)
Jewellery
 h - an amulet of magic regeneration (around neck)
 s - an uncursed ring of wizardry
 u - a ring of protection from magic (right hand) {!d}
Wands
 v - a wand of acid (4)
Scrolls
 c - 4 scrolls of teleportation
 g - 6 scrolls of remove curse
Potions
 e - 2 potions of agility
 j - 2 potions of curing
 k - 3 potions of lignification
 m - 2 potions of brilliance
 n - 2 potions of berserk rage {!q}
 o - a potion of might
 q - a potion of haste
 t - a potion of heal wounds {unknown}
 x - 3 potions of cancellation
 z - a potion of ambrosia {unknown}
 A - a potion of mutation {unknown}
 D - a potion of resistance {unknown}
Comestibles
 f - 12 rations


   Skills:
 + Level 6.6 Fighting
 * Level 8.8 Axes
 - Level 1.7 Throwing
 + Level 5.4 Armour
 - Level 3.1 Dodging
 - Level 4.0 Shields
 + Level 7.7 Invocations


You had 9 spell levels left.
You didn't know any spells.

Dungeon Overview and Level Annotations

Branches:
Dungeon (8/15)             Temple (0/1) D:5            Lair (0/6) D:8

Altars:
Ashenzari
Cheibriados
Elyvilon
Gozag
Hepliaklqana
Makhleb
Qazlal
Sif Muna
Trog
Uskayaw
Xom
Zin

Shops:
D:4 (   D:8 %[!


Innate Abilities, Weirdness & Mutations

You have a pair of horns on your head.
A weak demonic guardian rushes to your aid.
When hurt, damage is shared between your health and your magic reserves.
You regenerate magic rapidly.
When seriously injured, your bleeding wounds create armour. (AC +6)
Your life essence is reduced to manifest your ancestor. (-10% HP)


Message History

The orc wizard gestures wildly while chanting.
The orc wizard blinks!
The orc warrior hits Khabaw with a short sword!
Khabaw hits the orc warrior with a quarterstaff!!
The orc warrior dies!
The orc wizard casts a spell.
The orc wizard blinks!
Khabaw hits the orc with a quarterstaff!
The orc dies!
The warg barely misses your iron imp. The warg bites your iron imp!
The warg barely misses your iron imp. The warg bites your iron imp!
Your iron imp dies!
The warg bites Khabaw. x2
Khabaw hits the warg with a quarterstaff!!
The warg bites Khabaw! x2
Khabaw is destroyed!
The warg howls!
The orc wizard hits you but does no damage.
The orc wizard hits you but does no damage.
You closely miss the orc wizard.
The orc wizard hits you but does no damage.
You block the orc wizard's attack.
You hit the orc wizard but do no damage.
Your white imp disappears in a puff of smoke!
The orc wizard barely misses you. You block the orc wizard's attack.
You closely miss the orc wizard.
The orc wizard hits you but does no damage.
You slash the orc wizard!
You headbutt the orc wizard, but do no damage.
The orc wizard is severely wounded.
The orc wizard hits you but does no damage.
The orc wizard casts a spell.
The orc wizard blinks!
The warg closely misses you. The warg barely misses you.
You miss the warg. Your headbutt misses the warg.
The warg is severely wounded.
The warg closely misses you.
You hit the warg but do no damage.
The warg is severely wounded.
The warg bites you!
* * * LOW HITPOINT WARNING * * *
The warg barely misses you.
You take 7 damage, and have 6/69 hp.
You now have 6/15 mp.
You swap places.
The warg bites your shadow imp.
Your shadow imp gestures at the warg.
The warg resists with significant effort.
The warg misses your shadow imp.
Your shadow imp misses the warg.
The warg stops to sniff the ground.
The warg bites your shadow imp!
Your shadow imp dies!
The warg pauses to sniff the ground.
You slash the warg!
You kill the warg!
The orc wizard gestures at you while chanting.
The magic dart hits you!
* * * LOW HITPOINT WARNING * * *
You take 2 damage, and have 5/69 hp.
You now have 6/15 mp.
You block the orc wizard's attack.
You hit the orc wizard but do no damage.
Your headbutt misses the orc wizard.
The orc wizard is severely wounded.
The orc wizard hits you but does no damage.
You block the orc wizard's attack.
You hit the orc wizard. Your headbutt misses the orc wizard.
The orc wizard is almost dead.
The orc wizard casts a spell at you. The magic dart hits you!
* * * LOW HITPOINT WARNING * * *
You take 1 damage, and have 5/69 hp.
You now have 5/15 mp.
You hit the orc wizard but do no damage.
The orc wizard is almost dead.
The orc wizard hits you but does no damage.
You block the orc wizard's attack.
You slash the orc wizard!
You kill the orc wizard!
You barely miss the warg.
The warg is heavily wounded.
The warg bites you but does no damage.
You closely miss the warg. Your headbutt misses the warg.
The warg is heavily wounded.
The warg barely misses you. The warg bites you but does no damage.
You slash the warg!
The warg is severely wounded.
The warg bites you!
* * * LOW HITPOINT WARNING * * *
You take 3 damage, and have 3/69 hp.
You now have 3/15 mp.
You closely miss the warg.
The warg is severely wounded.
You block the warg's attack.
You closely miss the warg.
The warg is severely wounded.
The warg bites you.
* * * LOW HITPOINT WARNING * * *
The warg barely misses you.
You take 2 damage, and have 1/69 hp.
You now have 1/15 mp.
It was a potion of haste.
You feel yourself speed up. The warg bites you.
You hit the warg. Your headbutt misses the warg.
The warg is severely wounded.
The warg bites you.
You die...

.##,,,,,,,****,* #....#......##
,********,****,* #..#...##.### ,*
*,,,,,**,* #..##.###.# +*
***.#,*,**,* #.........# #
,****,,...##**,* ##.##.###.# ##
,**,,,,.....#*,* #.##.# #.###.
,*,,,,,......#,* #.##.###.##..
,,,,,,,......)#######.#...##.#...
,,,,,,,>......oh@............+...
,,,,,,,.......#########...####...
,*,,,,,..P...#* ##.## ##..
,**,,,,.....#* #.# ##.
,****,,...##* ##.## ##
,,,,,*,(#**,* ##...## # ,***,,,**
*,* #>#.#.# ,***,******,* #.#.#.#
,,,,,,,,,,,,* #.#.#.# ##


You could see a warg and an orc.

Vanquished Creatures
  Pikel (D:5)
  Eustachio (D:6)
  A yak (D:8)
  A warg (D:8)
  Menkaure (D:6)
  Duvessa (D:5)
  A slave (D:5)
  2 phantoms
  2 ogres
  A centaur (D:6)
  Blork the orc (D:6)
  A bullfrog (D:6)
  2 scorpions
  5 wights (D:7)
  2 howler monkeys
  5 hounds
  A bullfrog skeleton (D:8)
  Natasha (D:3)
  An iguana (D:8)
  5 orc wizards
  4 worker ants
  2 howler monkey zombies
  6 gnolls
  7 adders
  An adder skeleton (D:8)
  5 worms
  A dart slug (D:1)
  A battlemage (D:4)
  4 leopard geckos
  10 orcs
  2 ball pythons
  4 bats
  8 goblins
  6 hobgoblins
  3 jackals (D:6)
  A frilled lizard (D:1)
  A giant cockroach zombie (D:6)
  6 kobolds
  7 rats
115 creatures vanquished.

Vanquished Creatures (collateral kills)
  3 yaks (D:8)
  2 orc warriors
  3 ogres
  2 centaurs (D:5)
  3 bullfrogs
  Dowan (D:5)
  A scorpion (D:6)
  A howler monkey (D:8)
  3 crimson imps
  A hound (D:7)
  2 orc priests (D:6)
  A gnoll shaman (D:7)
  A centaur skeleton (D:7)
  4 worker ants
  A hound zombie (D:6)
  Robin (D:3)
  2 worker ant zombies
  6 gnolls
  6 adders
  An ooze (D:4)
  An adder skeleton (D:7)
  3 worms
  A dart slug (D:3)
  11 orcs
  A ball python (D:3)
  2 giant cockroaches (D:3)
  7 goblins
  3 hobgoblins (D:3)
  A kobold (D:3)
  A quokka (D:3)
  A frilled lizard (D:4)
77 creatures vanquished.

Vanquished Creatures (others)
  A gnoll (D:5)
  4 battlemagi
  4 jackals (D:5)
9 creatures vanquished.

Grand Total: 201 creatures vanquished

Notes
Turn   | Place    | Note
-------+----------+-------------------------------------------
     0 | D:1      | Monsterracer the Demonspawn Gladiator began the quest for the Orb.
     0 | D:1      | Reached XP level 1. HP: 16/16 MP: 1/1
   338 | D:1      | Reached skill level 3 in Axes
   487 | D:1      | Gained mutation: When seriously injured, your bleeding wounds create armour. (AC +6) [demonic ancestry]
   487 | D:1      | Reached XP level 2. HP: 15/22 MP: 2/2
   936 | D:2      | Found a stormy altar of Qazlal.
   936 | D:2      | Found a faded altar of an unknown god.
   942 | D:2      | Found a faded altar of an unknown god.
   944 | D:2      | Found a deep blue altar of Sif Muna.
   946 | D:2      | Found a shattered altar of Ashenzari.
   953 | D:2      | Became a worshipper of Hepliaklqana the Forgotten
   953 | D:2      | Reached * piety under Hepliaklqana
  1398 | D:2      | Gained mutation: When hurt, damage is shared between your health and your magic reserves. [demonic ancestry]
  1398 | D:2      | Reached XP level 3. HP: 22/25 MP: 3/3
  1544 | D:2      | Found a bloodstained altar of Trog.
  1545 | D:2      | Found a glowing silver altar of Zin.
  1967 | D:3      | Reached ** piety under Hepliaklqana
  1968 | D:3      | Remembered your ancestor Khabaw as a battlemage
  2217 | D:3      | Noticed Natasha
  2228 | D:3      | Noticed Robin
  2238 | D:3      | HP: 10/25 [Natasha (6)]
  2240 | D:3      | Killed Natasha
  2240 | D:3      | Gained mutation: A weak demonic guardian rushes to your aid. [demonic ancestry]
  2240 | D:3      | Reached XP level 4. HP: 7/30 MP: 0/4
  2242 | D:3      | Reached skill level 1 in Invocations
  2255 | D:3      | Killed Robin
  2256 | D:3      | Reached skill level 1 in Armour
  2544 | D:3      | Reached skill level 4 in Axes
  2544 | D:3      | Reached XP level 5. HP: 29/36 MP: 2/6
  3274 | D:4      | Noticed a phantom
  3280 | D:4      | Killed a phantom
  3280 | D:4      | Reached XP level 6. HP: 39/42 MP: 7/7
  3500 | D:4      | HP: 18/42 [gnoll/flail (6)]
  3841 | D:4      | Reached skill level 5 in Axes
  3909 | D:4      | Found Qafopi's Antique Weapon Shop.
  3948 | D:4      | HP: 20/43 [poisoned by a worker ant]
  3953 | D:4      | HP: 15/43 [poisoned by a worker ant]
  3958 | D:4      | HP: 12/43 [poisoned by a worker ant]
  3963 | D:4      | HP: 9/43 [poisoned by a worker ant]
  3968 | D:4      | HP: 8/43 [poisoned by a worker ant]
  3975 | D:4      | HP: 7/43 [poisoned by a worker ant]
  3983 | D:4      | HP: 6/43 [poisoned by a worker ant]
  4554 | D:5      | Entered Level 5 of the Dungeon
  4565 | D:5      | Gained mutation: You regenerate magic rapidly. [demonic ancestry]
  4565 | D:5      | Reached XP level 7. HP: 29/47 MP: 7/9
  4784 | D:5      | Noticed Dowan
  4785 | D:5      | Noticed Duvessa
  4795 | D:5      | Killed Dowan
  4796 | D:5      | HP: 21/48 [Duvessa/short sword (8)]
  4798 | D:5      | Killed Duvessa
  5086 | D:5      | Found a burning altar of Makhleb.
  5086 | D:5      | Noticed Pikel
  5094 | D:5      | HP: 24/48 [Pikel/whip of electrocution (11)]
  5108 | D:5      | HP: 22/48 [centaur/arrow (4)]
  5115 | D:5      | HP: 22/48 [centaur/arrow (2)]
  5290 | D:5      | Killed Pikel
  5290 | D:5      | Reached skill level 6 in Axes
  5290 | D:5      | Reached skill level 5 in Invocations
  5290 | D:5      | Reached XP level 8. HP: 54/54 MP: 11/11
  5463 | D:5      | Reached skill level 5 in Fighting
  5613 | D:5      | Found a staircase to the Ecumenical Temple.
  5620 | D:5      | Got an ichor-stained buckler
  5803 | D:5      | Found a hide-covered altar of Uskayaw.
  5807 | D:5      | Found a burning altar of Makhleb.
  5931 | D:5      | Reached *** piety under Hepliaklqana
  6031 | D:5      | Reached skill level 7 in Axes
  6031 | D:5      | Reached skill level 1 in Shields
  6266 | D:5      | Found a shimmering altar of Xom.
  6266 | D:5      | Found a shimmering altar of Xom.
  6268 | D:5      | Found a glowing silver altar of Zin.
  6268 | D:5      | Found a shimmering altar of Xom.
  6268 | D:5      | Found a white marble altar of Elyvilon.
  6519 | D:6      | Noticed Menkaure
  6527 | D:6      | Killed Menkaure
  6531 | D:6      | HP: 17/56 [orc warrior/battleaxe (12)]
  6558 | D:6      | Identified the +3 buckler "Ybash" {Int+3} (You found it on level 5 of the Dungeon)
  6846 | D:6      | Noticed Eustachio
  6849 | D:6      | Gained mutation: You have a pair of small horns on your head. [demonic ancestry]
  6849 | D:6      | Reached XP level 9. HP: 59/61 MP: 11/13
  6866 | D:6      | Killed Eustachio
  6989 | D:6      | Noticed Blork the orc
  6996 | D:6      | Killed Blork the orc
  7731 | D:7      | HP: 26/62 [ogre/giant club (16)]
  7732 | D:7      | HP: 6/62 [ogre/giant club (18)]
  8126 | D:7      | Reached skill level 8 in Axes
  8430 | D:7      | Found an opulent altar of Gozag.
  8591 | D:7      | Found a snail-covered altar of Cheibriados.
  8718 | D:8      | Reached skill level 5 in Armour
  8843 | D:8      | HP: 29/63 [yak (6)]
  8850 | D:8      | Gained mutation: You have a pair of horns on your head. [demonic ancestry]
  8850 | D:8      | Reached XP level 10. HP: 25/69 MP: 10/15
  9173 | D:8      | Found Bitur's Food Shoppe.
  9204 | D:8      | Found Osi Ryuf's Armour Shoppe.
  9263 | D:8      | Reached **** piety under Hepliaklqana
  9263 | D:8      | Found Gevaec's Distillery.
  9574 | D:8      | Found a staircase to the Lair.
  9580 | D:8      | HP: 29/69 [ogre/giant club (12)]
  9584 | D:8      | HP: 14/69 [orc warrior/short sword (6)]
  9602 | D:8      | HP: 6/69 [warg (7)]
  9607 | D:8      | HP: 5/69 [orc wizard/magic dart (2)]
  9615 | D:8      | HP: 3/69 [warg (3)]
  9617 | D:8      | HP: 1/69 [warg (3)]
  9619 | D:8      | Slain by a warg

Skill      XL: |  1  2  3  4  5  6  7  8  9 |
---------------+----------------------------+-----
Axes           | 3 4 5 6 7 8 |  8.8
Dodging        | 3 |  3.1
Invocations    | 1 2 3 5 6 7 |  7.7
Armour         | 1 2 3 4 5 |  5.4
Fighting       | 3 4 5 6 |  6.6
Shields        | 2 4 |  4.0
Throwing       | |  1.7

Action                   |  1- 3 |  4- 6 |  7- 9 | 10-12 || total
-------------------------+-------+-------+-------+-------++-------
Melee: War axe           |   132 |   112 |   275 |    50 ||   569
       Headbutt          |       |       |    37 |     8 ||    45
Invok: Ancestor Life: Ba |     1 |       |       |       ||     1
  Use: Scroll            |     1 |     8 |     4 |     3 ||    16
       Potion            |       |       |       |     1 ||     1
 Stab: Distracted        |       |     1 |     1 |       ||     2
  Eat: Chunk             |     4 |     7 |    15 |       ||    26
Armor: Leather armour    |    46 |       |       |       ||    46
       Chain mail        |    23 |    75 |   141 |    23 ||   262
Dodge: Dodged            |    76 |    50 |    94 |    20 ||   240
Block: Buckler           |       |       |    62 |    21 ||    83

Vault maps used:
D:1:      dpeg_arrival_simpleton_c
D:2:      chequers_temple_overflow_minitemple, gammafunk_temple_overflow_pools
D:3:      first_ration, uniq_robin, uniq_natasha
D:4:      serial_shops, shop
D:5:      minitemple, temple_green, doesnt_xom_only_xom, uniq_pikel,
          uniq_duvessa
D:6:      uniq_menkaure, uniq_blork_the_orc, uniq_eustachio
D:7:      grunt_gozag_statues, lemuel_doored_altar
D:8:      erik_lair_orcish_takeover, serial_shops, nicolae_shop_crystal,
          shop_scrolls, shop, nicolae_shop_stone
